 Dungeon Crawl Stone Soup version 0.29.0-4-gdea44cf6ec (webtiles) character file.

Game seed: 13597861703471072649

30518 qw the Cleaver (level 13, -4/84 HPs)
             Began as a Gargoyle Berserker on Sept 5, 2022.
             Was an Elder of Trog.
             Slain by a wraith (9 damage)
             ... led by Josephine
             ... on level 5 of the Lair of Beasts.
             The game lasted 00:05:14 (15862 turns).

qw the Cleaver (Gargoyle Berserker)                Turns: 15862, Time: 00:05:15

Health: -4/84      AC: 33    Str: 35    XL:     13   Next: 52%
Magic:  13/13      EV:  8    Int:  9    God:    Trog [****..]
Gold:   773        SH: 18    Dex:  9    Spells: 12/12 levels left

rFire   . . .      SeeInvis .   q - +2 flail
rCold   . . .      Faith    .   m - +2 kite shield {reflect}
rNeg    + . .      Spirit   .   l - +0 plate armour
rPois   inf        Reflect  +   (helmet restricted)
rElec   +          Harm     .   n - +1 cloak "Guujiana" {rElec Will+ Str+4 Stlth+}
rCorr   .          Rampage  .   c - +0 pair of gloves
Will    +....                   (no boots)
Stlth   ..........              d - amulet of reflection
HPRegen 0.24/turn               p - +6 ring of strength
MPRegen 0.13/turn               o - +4 ring of protection

@: on berserk cooldown, slowed, very slow
A: sickness immunity, AC +9, negative energy resistance 1, electricity
resistance, torment resistance 1, petrification resistance, horns 1, talons 1,
iridescent scales 1, sturdy frame 1
a: Renounce Religion, Berserk, Trog's Hand, Brothers in Arms


You were on level 5 of the Lair of Beasts.
You worshipped Trog.
Trog was greatly pleased with you.
You visited 2 branches of the dungeon, and saw 13 of its levels.
You also visited: Ossuary.

You collected 773 gold pieces.


Innate Abilities, Weirdness & Mutations

You are immune to sickness and miasma.
Your stone body is resilient. (AC +9)
You are immune to poison.
You resist negative energy. (rN+)
You are resistant to electric shocks. (rElec)
You are resistant to unholy torment.
You are immune to petrification.
You have a pair of small horns on your head.
You have sharp toenails.
You are partially covered in iridescent scales. (AC +2)
Your movements are slightly less encumbered by armour. (ER -2)


   Skills:
 - Level 11.0 Fighting
 - Level 14.0 Axes
 - Level 3.8 Throwing
 + Level 9.1 Armour
 - Level 2.3 Dodging
 - Level 12.0 Shields


You had 12 spell levels left.
You didn't know any spells.
Your spell library was empty.

Inventory:

Hand Weapons
 q - a +2 flail (weapon)
 Y - a +0 war axe
Armour
 c - a +0 pair of gloves (worn)
 l - a +0 plate armour (worn)
 m - a +2 kite shield of reflection (worn)
 n - the +1 cloak "Guujiana" (worn) {rElec Will+ Str+4 Stlth+}
   (You found it on level 8 of the Dungeon)

   Str:       It affects your strength (+4).
   rElec:     It insulates you from electricity.
   Will:      It increases your willpower.
   Stlth:     It makes you more stealthy.
Jewellery
 d - an amulet of reflection (around neck)
 o - a +4 ring of protection (right hand)
 p - a +6 ring of strength (left hand)
 s - a ring of protection from fire
Wands
 r - a wand of digging (6)
Scrolls
 b - 7 scrolls of identify
 f - 3 scrolls of teleportation
Potions
 a - 3 potions of might
 e - 2 potions of heal wounds
 g - a potion of resistance
 i - 2 potions of haste
 j - 10 potions of curing
 k - a potion of mutation

Dungeon Overview and Level Annotations

Branches:
Dungeon (8/15)             Temple (0/1) D:5            Lair (5/5) D:8
 Shoals (0/4) Lair:2       Spider (0/4) Lair:2      Ossuary (visited)
  Slime: Lair:4-5

Altars:
Ashenzari
Dithmenos
Elyvilon
Gozag
Ru

Shops:
D:7 :

Annotations:
D:2 1 runed translucent door, Crazy Yiuf


Message History

The blink frog blinks!
You block the black mamba's attack.
The blink frog blinks!
You block the wraith's attack. The wraith hits you but does no damage.
The black mamba bites you but does no damage.
A cane toad comes into view.
You barely miss the black mamba.
The cane toad gives a loud, deep croak!
Your kick misses the black mamba.
The black mamba is moderately wounded.
You hear a loud, deep croak!
You hear a bellow! x2
A cane toad comes into view.
You block the black mamba's attack. You block the wraith's attack.
The wraith closely misses you. The blink frog barely misses you.
You barely miss the black mamba. You claw the black mamba!
Your headbutt misses the black mamba.
The black mamba is heavily wounded.
The black mamba completely misses you.
The blink frog blinks!
You block the blink frog's attack. You block the black mamba's attack.
The wraith hits you but does no damage. x2
You bludgeon the black mamba!!
You kill the black mamba!
Trog accepts your kill.
The blink frog hits you but does no damage.
The wraith misses you. The wraith hits you! The blink frog hits you.
The blink frog blinks!
You closely miss the wraith.
The blink frog blinks!
You block the wraith's attack. The wraith closely misses you.
You bludgeon the blink frog!! You claw the blink frog.
You kill the blink frog!
Trog accepts your kill.
You block the wraith's attack. x2; The cane toad stings you.
You block the blink frog's attack.
Your Shields skill increases to level 12!
You barely miss the cane toad.
You are no longer berserk.
You are exhausted.
You feel as though you will be slow longer.
The wraith hits you!
You die...

...####.... ..
....$#....##.
....P.......
........#
#.....##
#P.<...## #
###.P.....##...
.........)......
......F..@W......
........FFW......
.........F.......
#.#..P...........
#.##.......##.+.#
P.###....# P.#.
.. #....# .#
.....# .


You could see 2 cane toads, 2 blink frogs and 2 wraiths.

Vanquished Creatures
  Josephine (Lair:5)
  2 hydras
  A tengu warrior (D:8)
  Erica (Lair:1)
  A skeletal warrior (D:8)
  A lindwurm (Lair:4)
  Pikel (D:5)
  A wolf spider (Lair:2)
  A merfolk siren (Lair:2)
  3 elephants (Lair:1)
  7 black mambas
  9 cane toads
  Maggie (D:6)
  3 komodo dragons
  3 rime drakes
  5 burning bushes (Lair:1)
  A troll (D:8)
  A polar bear (Lair:1)
  11 blink frogs
  A shadow (D:8)
  Sigmund (D:4)
  9 wyverns
  25 yaks
  A wraith (Lair:5)
  3 basilisks
  Grum (D:8)
  2 steam dragons (D:8)
  6 water moccasins
  2 sky beasts (D:8)
  2 orc warriors
  2 ice beasts
  2 black bears
  An ogre (D:4)
  3 centaurs
  17 wolves
  4 phantoms
  4 lemures (D:5)
  2 kobold brigands
  4 elf zombies (Ossuary)
  8 bullfrogs
  2 scorpions
  2 necrophages
  5 wights
  14 killer bees
  6 howler monkeys
  4 electric eels (D:8)
  A centaur zombie (Ossuary)
  7 human zombies (Ossuary)
  2 jellies
  3 orc priests
  12 hounds
  5 iguanas
  7 orc wizards
  Ijyb (D:4)
  3 mummies (Ossuary)
  A gnoll (D:1)
  7 adders
  A white imp (D:6)
  An ufetubus (D:4)
  2 worms
  2 dart slugs
  21 orcs
  6 bats
  4 endoplasms
  4 giant cockroaches
  7 goblins
  9 hobgoblins
  3 quokkas
  5 ball pythons
  4 frilled lizards
  15 kobolds
  6 rats
326 creatures vanquished.

Vanquished Creatures (collateral kills)
  A hydra (Lair:2)
  2 wraiths (Lair:5)
3 creatures vanquished.

Vanquished Creatures (others)
  A wolf (Lair:1)
  14 fungi
  35 plants
50 creatures vanquished.

Grand Total: 379 creatures vanquished

Notes
Turn   | Place    | Note
-------+----------+-------------------------------------------
     0 | D:1      | qw the Gargoyle Berserker began the quest for the Orb.
     0 | D:1      | Reached XP level 1. HP: 14/14 MP: 1/1
     0 | D:1      | 0 ||| qw: Version: 0.1-a-104-g96f76f8
     0 | D:1      | 0 ||| qw: Game counter: 5786
     0 | D:1      | 0 ||| qw: Always use a shield: true
     0 | D:1      | 0 ||| qw: Do Orc after D:15 true
     0 | D:1      | 0 ||| qw: Do second Lair branch before Depths: true
     0 | D:1      | 0 ||| qw: Lair rune preference: random
     0 | D:1      | 0 ||| qw: Plans: Normal
     0 | D:1      | 0 ||| PLANNING D:1-11
   209 | D:1      | Reached skill level 3 in Axes
   228 | D:1      | Reached XP level 2. HP: 18/19 MP: 2/2
   526 | D:1      | 526 ||| INVOKING Berserk.
   709 | D:1      | 709 ||| DROPPING +0 whip.
   885 | D:1      | 885 ||| INVOKING Berserk.
   887 | D:1      | Reached XP level 3. HP: 17/23 MP: 3/3
  1263 | D:1      | 1263 ||| Stepping ~*~*~tactically~*~*~ (hiding).
  1827 | D:1      | 1827 ||| UPGRADING to +0 pair of gloves.
  1832 | D:1      | 1832 ||| UPGRADING to +0 ring mail.
  1842 | D:1      | 1842 ||| DROPPING +0 animal skin.
  1843 | D:1      | 1843 ||| UPGRADING to amulet of guardian spirit.
  1848 | D:1      | 1848 ||| READING scroll labelled EFURIM DEUFI.
  1849 | D:1      | 1849 ||| READING scroll labelled GAC PASMUOQUTS.
  1850 | D:1      | 1850 ||| DRINKING 2 fizzy grey potions.
  1851 | D:1      | 1851 ||| DRINKING 3 bubbling red potions.
  1852 | D:1      | 1852 ||| DROPPING potion of degeneration.
  1890 | D:2      | Reached skill level 4 in Axes
  1900 | D:2      | 1900 ||| READING scroll of enchant weapon.
  1900 | D:2      | 1900 ||| ENCHANTING +1 hand axe.
  2011 | D:2      | 2011 ||| INVOKING Berserk.
  2210 | D:2      | Found a faded altar of an unknown god.
  2578 | D:2      | Found a shadowy altar of Dithmenos.
  2597 | D:2      | Found a runed translucent door.
  2598 | D:2      | Noticed Crazy Yiuf
  2880 | D:2      | 2880 ||| UPGRADING to amulet of reflection.
  2890 | D:2      | 2890 ||| DROPPING amulet of guardian spirit.
  2891 | D:2      | 2891 ||| READING scroll labelled HEUK RUPEA.
  2892 | D:2      | 2892 ||| READING scroll labelled LESKOH CAXEM.
  3079 | D:3      | Reached XP level 4. HP: 25/28 MP: 4/4
  3231 | D:3      | 3231 ||| Stepping ~*~*~tactically~*~*~ (stealth).
  3874 | D:3      | 3874 ||| UPGRADING to ring of protection from fire.
  3875 | D:3      | 3875 ||| READING scroll labelled XEZ YLICIMAVA.
  3876 | D:3      | 3876 ||| READING scroll labelled ZABRY EWIETSEA.
  3877 | D:3      | 3877 ||| DRINKING 2 purple potions.
  3877 | D:3      | Gained mutation: You occasionally lose the ability to read
                  | scrolls when taking damage. [potion of mutation]
  3878 | D:3      | 3878 ||| DRINKING potion of mutation.
  3878 | D:3      | Lost mutation: You occasionally lose the ability to read
                  | scrolls when taking damage. [potion of mutation]
  3878 | D:3      | Gained mutation: Your movements are slightly less
                  | encumbered by armour. (ER -2) [potion of mutation]
  3878 | D:3      | Gained mutation: You have a pair of small horns on your
                  | head. [potion of mutation]
  3878 | D:3      | Gained mutation: You have sharp toenails. [potion of
                  | mutation]
  3878 | D:3      | Gained mutation: You are partially covered in iridescent
                  | scales. (AC +2) [potion of mutation]
  3884 | D:4      | Noticed Ijyb
  3886 | D:4      | 3886 ||| INVOKING Berserk.
  3887 | D:4      | Killed Ijyb
  3888 | D:4      | Reached skill level 5 in Axes
  3888 | D:4      | Reached XP level 5. HP: 32/32 MP: 5/5
  4011 | D:4      | Reached ** piety under Trog
  4017 | D:4      | Found a white marble altar of Elyvilon.
  4258 | D:4      | 4258 ||| UPGRADING to +0 plate armour.
  4268 | D:4      | 4268 ||| DROPPING +0 ring mail.
  4269 | D:4      | 4269 ||| READING scroll labelled METWOESMOE.
  4302 | D:4      | You fall into a shaft and drop 3 floors!
  4370 | D:7      | 4370 ||| INVOKING Berserk.
  4370 | D:7      | Noticed a centaur
  4376 | D:7      | Reached skill level 3 in Armour
  4376 | D:7      | Reached XP level 6. HP: 38/38 MP: 6/6
  4381 | D:7      | Reached skill level 6 in Axes
  4381 | D:7      | Reached XP level 7. HP: 43/43 MP: 7/7
  4391 | D:7      | HP: 10/43 [killer bee (2)]
  4393 | D:7      | Reached skill level 7 in Axes
  4408 | D:7      | 4408 ||| INVOKING Berserk.
  4409 | D:7      | 4409 ||| INVOKING Berserk.
  4453 | D:7      | 4453 ||| Stepping ~*~*~tactically~*~*~ (stealth).
  4466 | D:7      | 4466 ||| INVOKING Berserk.
  4470 | D:7      | Reached XP level 8. HP: 35/49 MP: 8/8
  4700 | D:7      | 4700 ||| Stepping ~*~*~tactically~*~*~ (stealth).
  4705 | D:7      | 4705 ||| Stepping ~*~*~tactically~*~*~ (stealth).
  4706 | D:7      | 4706 ||| Stepping ~*~*~tactically~*~*~ (stealth).
  4708 | D:7      | 4708 ||| Stepping ~*~*~tactically~*~*~ (stealth).
  4710 | D:7      | 4710 ||| Stepping ~*~*~tactically~*~*~ (stealth).
  4774 | D:7      | Reached skill level 8 in Axes
  4793 | D:7      | 4793 ||| INVOKING Berserk.
  4868 | D:7      | 4868 ||| Stepping ~*~*~tactically~*~*~ (stealth).
  4885 | D:7      | 4885 ||| INVOKING Berserk.
  5017 | D:7      | Found Lacuel's Book Shoppe.
  5033 | D:7      | 5033 ||| DROPPING orb of light.
  5034 | D:7      | 5034 ||| UPGRADING to +0 cloak.
  5039 | D:7      | 5039 ||| UPGRADING to +2 kite shield of reflection.
  5044 | D:7      | 5044 ||| READING scroll labelled JURYIXATAI.
  5045 | D:7      | 5045 ||| DRINKING 2 brown potions.
  5046 | D:7      | 5046 ||| READING 4 scrolls of identify.
  5046 | D:7      | 5046 ||| IDENTIFYING lumpy silvery potion
  5047 | D:7      | 5047 ||| READING 3 scrolls of identify.
  5047 | D:7      | 5047 ||| IDENTIFYING fizzy purple potion
  5058 | D:6      | 5058 ||| INVOKING Berserk.
  5061 | D:6      | Reached skill level 1 in Shields
  5245 | D:6      | Reached skill level 3 in Shields
  5269 | D:5      | Entered Level 5 of the Dungeon
  5270 | D:5      | 5270 ||| PLANNING OSSUARY
  5310 | D:5      | 5310 ||| Stepping ~*~*~tactically~*~*~ (hiding).
  5315 | D:5      | 5315 ||| Stepping ~*~*~tactically~*~*~ (stealth).
  5322 | D:5      | 5322 ||| Stepping ~*~*~tactically~*~*~ (stealth).
  5323 | D:5      | 5323 ||| Stepping ~*~*~tactically~*~*~ (stealth).
  5326 | D:5      | 5326 ||| Stepping ~*~*~tactically~*~*~ (stealth).
  5327 | D:5      | 5327 ||| Stepping ~*~*~tactically~*~*~ (stealth).
  5331 | D:5      | 5331 ||| DRINKING 5 potions of curing.
  5331 | D:5      | 5331 ||| (to cure confusion)
  5348 | D:5      | Found a sand-covered staircase.
  5353 | Ossuary  | Entered an ossuary
  5361 | Ossuary  | 5361 ||| Stepping ~*~*~tactically~*~*~ (stealth).
  5383 | Ossuary  | Reached XP level 9. HP: 53/55 MP: 9/9
  5420 | Ossuary  | 5420 ||| READING 2 scrolls of enchant weapon.
  5420 | Ossuary  | 5420 ||| ENCHANTING +2 hand axe of draining.
  5421 | Ossuary  | 5421 ||| READING scroll of enchant weapon.
  5421 | Ossuary  | 5421 ||| ENCHANTING +3 hand axe of draining.
  5461 | Ossuary  | Reached *** piety under Trog
  5473 | Ossuary  | Reached skill level 6 in Shields
  5512 | Ossuary  | 5512 ||| Stepping ~*~*~tactically~*~*~ (stealth).
  5514 | Ossuary  | 5514 ||| Stepping ~*~*~tactically~*~*~ (stealth).
  5515 | Ossuary  | 5515 ||| Stepping ~*~*~tactically~*~*~ (stealth).
  5518 | Ossuary  | 5518 ||| Stepping ~*~*~tactically~*~*~ (stealth).
  5599 | Ossuary  | 5599 ||| READING 5 scrolls of identify.
  5599 | Ossuary  | 5599 ||| IDENTIFYING sapphire potion
  5600 | Ossuary  | 5600 ||| DROPPING potion of lignification.
  5610 | D:5      | 5610 ||| PLANNING D:1-11
  5685 | D:4      | Reached skill level 1 in Throwing
  5696 | D:4      | 5696 ||| SWAPPING to +0 war axe.
  5697 | D:4      | 5697 ||| DROPPING +4 hand axe of draining.
  5786 | D:4      | 5786 ||| INVOKING Berserk.
  5974 | D:4      | 5974 ||| Stepping ~*~*~tactically~*~*~ (stealth).
  6026 | D:4      | Reached skill level 6 in Fighting
  6222 | D:4      | 6222 ||| READING scroll labelled ULUSASETUL.
  6226 | D:4      | 6226 ||| READING 4 scrolls of identify.
  6226 | D:4      | 6226 ||| IDENTIFYING white potion
  6227 | D:4      | 6227 ||| DROPPING potion of berserk rage.
  6293 | D:5      | 6293 ||| Stepping ~*~*~tactically~*~*~ (stealth).
  6294 | D:5      | 6294 ||| Stepping ~*~*~tactically~*~*~ (stealth).
  6350 | D:5      | Noticed Pikel
  6354 | D:5      | 6354 ||| Stepping ~*~*~tactically~*~*~ (stealth).
  6358 | D:5      | 6358 ||| INVOKING Berserk.
  6371 | D:5      | Killed Pikel
  6498 | D:5      | Found an opulent altar of Gozag.
  6549 | D:5      | Found a staircase to the Ecumenical Temple.
  6607 | D:5      | Found a sacrificial altar of Ru.
  6737 | D:5      | Reached XP level 10. HP: 44/60 MP: 10/10
  6842 | D:5      | 6842 ||| Stepping ~*~*~tactically~*~*~ (stealth).
  6857 | D:5      | Reached **** piety under Trog
  7063 | D:5      | Found a shadowy altar of Dithmenos.
  7147 | D:5      | 7147 ||| READING scroll labelled IREOCK URUINK.
  7148 | D:5      | 7148 ||| READING 3 scrolls of identify.
  7148 | D:5      | 7148 ||| IDENTIFYING smoky pink potion
  7149 | D:5      | 7149 ||| DROPPING potion of ambrosia.
  7186 | D:4      | 7186 ||| INVOKING Berserk.
  7338 | D:4      | Noticed Sigmund
  7342 | D:4      | 7342 ||| INVOKING Berserk.
  7344 | D:4      | Killed Sigmund
  7345 | D:4      | Reached skill level 9 in Axes
  7517 | D:4      | 7517 ||| READING scroll labelled URYUJE IBBYL.
  7551 | D:6      | Noticed Maggie
  7570 | D:6      | Killed Maggie
  7621 | D:6      | Reached skill level 6 in Armour
  7622 | D:6      | 7622 ||| DRINKING 5 potions of curing.
  7622 | D:6      | 7622 ||| (to cure confusion)
  7692 | D:6      | 7692 ||| Stepping ~*~*~tactically~*~*~ (hiding).
  7893 | D:6      | 7893 ||| Stepping ~*~*~tactically~*~*~ (hiding).
  7894 | D:6      | 7894 ||| Stepping ~*~*~tactically~*~*~ (hiding).
  8390 | D:6      | 8390 ||| INVOKING Berserk.
  8511 | D:6      | 8511 ||| UPGRADING to +4 ring of protection.
  8512 | D:6      | 8512 ||| UPGRADING to +6 ring of strength.
  8514 | D:6      | 8514 ||| READING 6 scrolls of identify.
  8514 | D:6      | 8514 ||| IDENTIFYING pink potion
  8764 | D:8      | 8764 ||| STAIRDANCE
  8771 | D:7      | 8771 ||| DROPPING +0 flail.
  8852 | D:8      | 8852 ||| FLEEEEING.
  8853 | D:8      | 8853 ||| FLEEEEING.
  8854 | D:8      | 8854 ||| INVOKING Berserk.
  8857 | D:8      | Reached skill level 9 in Shields
  8859 | D:8      | HP: 23/94 [killer bee (7)]
  9136 | D:8      | Noticed a skeletal warrior
  9137 | D:8      | 9137 ||| INVOKING Berserk.
  9138 | D:8      | Noticed a four-headed hydra
  9147 | D:8      | Killed a skeletal warrior
  9148 | D:8      | Reached skill level 10 in Axes
  9151 | D:8      | Killed an eight-headed hydra
  9231 | D:8      | Identified the ring of Darkness {Ice MP+9 Int+3}
  9242 | D:8      | 9242 ||| INVOKING Berserk.
  9434 | D:8      | 9434 ||| Stepping ~*~*~tactically~*~*~ (stealth).
  9439 | D:8      | 9439 ||| INVOKING Berserk.
  9572 | D:8      | 9572 ||| Stepping ~*~*~tactically~*~*~ (stealth).
  9581 | D:8      | Reached XP level 11. HP: 46/68 MP: 11/11
  9600 | D:8      | Noticed Grum
  9603 | D:8      | 9603 ||| Stepping ~*~*~tactically~*~*~ (hiding).
  9605 | D:8      | 9605 ||| INVOKING Berserk.
  9608 | D:8      | Killed Grum
  9709 | D:8      | 9709 ||| INVOKING Berserk.
  9742 | D:8      | HP: 14/68 [ice beast (8)]
  9743 | D:8      | 9743 ||| READING scroll of teleportation.
  9744 | D:8      | 9744 ||| DRINKING 2 potions of heal wounds.
  9900 | D:8      | Found a staircase to the Lair.
  9901 | D:8      | 9901 ||| Stepping ~*~*~tactically~*~*~ (water).
  9909 | D:8      | 9909 ||| INVOKING Berserk.
 10026 | D:8      | Noticed a tengu warrior
 10045 | D:8      | Killed a tengu warrior
 10046 | D:8      | Reached skill level 11 in Axes
 10272 | D:8      | 10272 ||| INVOKING Berserk.
 10602 | D:8      | Identified the +1 cloak "Guujiana" {rElec Will+ Str+4
                  | Stlth+}
 10613 | D:8      | Found a broken altar of Ashenzari.
 10980 | D:8      | 10980 ||| PLANNING LAIR
 10980 | D:8      | 10980 ||| UPGRADING to +1 cloak "Guujiana" {rElec Will+
                  | Str+4 Stlth+}.
 10990 | D:8      | 10990 ||| DROPPING +0 cloak.
 10991 | D:8      | 10991 ||| DROPPING ring of Darkness {Ice MP+9 Int+3}.
 10992 | D:8      | 10992 ||| READING scroll labelled BIOLLI ICUO.
 11056 | Lair:1   | Entered Level 1 of the Lair of Beasts
 11056 | Lair:1   | Noticed Erica
 11058 | Lair:1   | 11058 ||| INVOKING Berserk.
 11085 | Lair:1   | Killed Erica
 11461 | Lair:1   | Reached skill level 9 in Fighting
 11503 | Lair:1   | 11503 ||| Stepping ~*~*~tactically~*~*~ (stealth).
 11506 | Lair:1   | 11506 ||| INVOKING Berserk.
 11534 | Lair:1   | 11534 ||| Stepping ~*~*~tactically~*~*~ (stealth).
 11700 | Lair:1   | 11700 ||| INVOKING Berserk.
 11830 | Lair:1   | 11830 ||| INVOKING Berserk.
 11833 | Lair:1   | Reached skill level 12 in Axes
 11835 | Lair:1   | HP: 18/106 [komodo dragon (18)]
 11837 | Lair:1   | Reached XP level 12. HP: 20/76 MP: 12/12
 12616 | Lair:1   | 12616 ||| READING scroll labelled ULOUPYXIXO.
 12675 | Lair:2   | 12675 ||| INVOKING Berserk.
 12834 | Lair:2   | Found a hole to the Spider Nest.
 12853 | Lair:2   | Noticed a four-headed hydra
 12855 | Lair:2   | 12855 ||| INVOKING Brothers in Arms.
 12856 | Lair:2   | 12856 ||| INVOKING Brothers in Arms.
 12858 | Lair:2   | 12858 ||| SWAPPING to +2 flail.
 12859 | Lair:2   | 12859 ||| INVOKING Berserk.
 12861 | Lair:2   | Killed a four-headed hydra
 12883 | Lair:2   | 12883 ||| SWAPPING to +0 war axe.
 13003 | Lair:2   | 13003 ||| Stepping ~*~*~tactically~*~*~ (stealth).
 13005 | Lair:2   | 13005 ||| Stepping ~*~*~tactically~*~*~ (stealth).
 13214 | Lair:2   | Reached skill level 3 in Throwing
 13386 | Lair:2   | Found a staircase to the Shoals.
 13466 | Lair:2   | 13466 ||| Stepping ~*~*~tactically~*~*~ (hiding).
 13687 | Lair:2   | 13687 ||| READING scroll labelled SAENLO WAXKIEFOH.
 13824 | Lair:3   | 13824 ||| Stepping ~*~*~tactically~*~*~ (stealth).
 13828 | Lair:3   | 13828 ||| INVOKING Berserk.
 14104 | Lair:3   | Reached skill level 13 in Axes
 14444 | Lair:3   | 14444 ||| INVOKING Berserk.
 14567 | Lair:3   | Reached skill level 9 in Armour
 14827 | Lair:3   | 14827 ||| READING 7 scrolls of identify.
 14827 | Lair:3   | 14827 ||| IDENTIFYING glowing red potion
 14828 | Lair:3   | 14828 ||| DROPPING potion of flight.
 14848 | Lair:4   | 14848 ||| STAIRDANCE
 14916 | Lair:4   | 14916 ||| Stepping ~*~*~tactically~*~*~ (hiding).
 15079 | Lair:4   | 15079 ||| INVOKING Berserk.
 15088 | Lair:4   | Reached XP level 13. HP: 82/82 MP: 13/13
 15262 | Lair:4   | 15262 ||| Stepping ~*~*~tactically~*~*~ (stealth).
 15286 | Lair:4   | 15286 ||| Stepping ~*~*~tactically~*~*~ (stealth).
 15289 | Lair:4   | 15289 ||| Stepping ~*~*~tactically~*~*~ (stealth).
 15290 | Lair:4   | 15290 ||| Stepping ~*~*~tactically~*~*~ (stealth).
 15291 | Lair:4   | 15291 ||| Stepping ~*~*~tactically~*~*~ (stealth).
 15301 | Lair:4   | 15301 ||| INVOKING Berserk.
 15397 | Lair:4   | Reached skill level 14 in Axes
 15412 | Lair:4   | 15412 ||| Stepping ~*~*~tactically~*~*~ (stealth).
 15483 | Lair:4   | 15483 ||| Stepping ~*~*~tactically~*~*~ (stealth).
 15486 | Lair:4   | 15486 ||| Stepping ~*~*~tactically~*~*~ (stealth).
 15686 | Lair:4   | 15686 ||| Stepping ~*~*~tactically~*~*~ (stealth).
 15811 | Lair:4   | 15811 ||| READING 8 scrolls of identify.
 15811 | Lair:4   | 15811 ||| IDENTIFYING emerald potion
 15812 | Lair:4   | 15812 ||| DROPPING potion of magic.
 15834 | Lair:5   | Entered Level 5 of the Lair of Beasts
 15834 | Lair:5   | Noticed Josephine
 15835 | Lair:5   | 15835 ||| PLANNING GAUNTLET
 15838 | Lair:5   | 15838 ||| INVOKING Brothers in Arms.
 15842 | Lair:5   | 15842 ||| SWAPPING to +2 flail.
 15843 | Lair:5   | 15843 ||| INVOKING Berserk.
 15845 | Lair:5   | Killed Josephine
 15855 | Lair:5   | HP: 28/126 [black mamba (6)]
 15859 | Lair:5   | HP: 11/126 [blink frog (6)]
 15862 | Lair:5   | Reached skill level 12 in Shields
 15862 | Lair:5   | Slain by a wraith

Levels and vault maps discovered:
D:1:      kilobyte_arrival_exit_the_forest, layout_basic,
          chequers_serial_rivers_small_b
D:2:      layout_loops_corners, basic_altar, chequers_ecumenical_altar_island,
          uniq_crazy_yiuf_cottage
D:3:      layout_loops_corners
D:4:      minmay_clustersquares, layout_basic, lemuel_round_altar, uniq_sigmund,
          uniq_ijyb
D:5:      layout_loops_ring, grunt_gozag_statues, mainiacjoe_overflow_brackets,
          marbit_many_paths, minmay_temple_entry_sparse_star, enter_ossuary_2,
          uniq_pikel
D:6:      layout_cave_pods, st_stairs_4, corner_web_ring, uniq_maggie
D:7:      layout_basic, serial_shops, shop
D:8:      nzn_winding_woodlands_medium [nzn_winding_woodlands_5x5_three,
          nzn_winding_woodlands_5x15_lazy_stream,
          nzn_winding_woodlands_5x5_default, nzn_winding_woodlands_hourglass,
          nzn_winding_woodlands_center_diamonds,
          nzn_winding_woodlands_5x5_closed_star,
          nzn_winding_woodlands_5x5_perimeter, nzn_winding_woodlands_5x15_eye,
          nzn_winding_woodlands_5x5_checkerboard], layout_basic,
          lemuel_doored_altar, erik_lair_island, kennysheep_just_a_vault,
          uniq_grum
Lair:1:   layout_gridlike, evilmike_ambush [evilmike_ambush_outer_basic,
          evilmike_ambush_inner_basic], grunt_megastairs_5, uniq_erica
Lair:2:   layout_cave_shapes, elwin_shoals_entry_rooms,
          spider_nest_entry_rubble, serial_forest, infiniplex_forest_end_2,
          infiniplex_forest_clump_curved, infiniplex_forest_clump_C,
          infiniplex_forest_end_double, lemuel_fruit_tree
Lair:3:   layout_chaotic_city, lightli_volcano_entry_magma_tube
Lair:4:   layout_misc_corridors, beast_lair_carwin_9
Lair:5:   evilmike_catoblepas_cave, layout_regular_city,
          nicolae_slime_entry_slimehenge, gauntlet_entry_generic,
          uniq_josephine, uniq_nessos

Skill      XL: |  1  2  3  4  5  6  7  8  9 10 11 12 13 |
---------------+----------------------------------------+-----
Axes           | 3 4 5 6 7 8 10 12 13 14 | 14.0
Fighting       | 4 5 6 8 9 10 11 | 11.0
Armour         | 3 4 5 7 8 9 |  9.1
Shields        | 5 8 9 10 11 12 | 12.0
Throwing       | 1 3 |  3.8
Dodging        | 2 |  2.3

Action                   |  1- 3 |  4- 6 |  7- 9 | 10-12 | 13-15 || total
-------------------------+-------+-------+-------+-------+-------++-------
Melee: Hand axe          |    99 |    83 |   218 |       |       ||   400
       Kick              |       |     6 |    90 |   127 |    53 ||   276
       Headbutt          |       |     3 |    55 |    85 |    28 ||   171
       Punch             |       |     1 |     1 |       |       ||     2
       War axe           |       |       |    99 |   507 |   114 ||   720
       Flail             |       |       |       |     1 |    19 ||    20
Throw: Boomerang         |       |       |    34 |     2 |       ||    36
       Javelin           |       |       |       |    20 |       ||    20
Invok: Berserk           |     3 |     2 |     7 |    20 |     2 ||    34
       Brothers in Arms  |       |       |       |     1 |     1 ||     2
  Use: Scroll            |     5 |     3 |     8 |     9 |     1 ||    26
       Potion            |     2 |     2 |     2 |     2 |       ||     8
 Stab: Distracted        |       |       |       |       |     1 ||     1
Armor: Animal skin       |    22 |       |       |       |       ||    22
       Ring mail         |    12 |    26 |       |       |       ||    38
       Plate armour      |       |     8 |   163 |   222 |    82 ||   475
Dodge: Dodged            |    45 |    38 |    98 |    90 |    39 ||   310
Block: Other             |     1 |    18 |    16 |       |       ||    35
       Kite shield       |       |       |   145 |   424 |   117 ||   686
       Reflection        |       |       |     2 |    12 |       ||    14

Table legend:
 A = Non-vault XP
 B = Vault XP
 C = Vault XP percentage of total XP
 D = Non-vault monster count
 E = Vault monster count
 F = Vault count percentage of total count
                 A         B        C        D         E       F
            +---------+---------+-------+---------+---------+-------
      Total |   30000 |   13598 |  31.2 |     251 |      75 |  23.0
            +---------+---------+-------+---------+---------+-------
        D:1 |      50 |       0 |   0.0 |      23 |       0 |   0.0
        D:2 |      17 |       0 |   0.0 |       8 |       0 |   0.0
        D:3 |      77 |       0 |   0.0 |      18 |       0 |   0.0
        D:4 |     458 |     494 |  51.9 |      18 |      11 |  37.9
        D:5 |     776 |     633 |  44.9 |      25 |       2 |   7.4
        D:6 |     692 |     525 |  43.1 |      15 |       3 |  16.7
        D:7 |    1614 |       0 |   0.0 |      32 |       0 |   0.0
        D:8 |    1395 |    4546 |  76.5 |      17 |      24 |  58.5
     Lair:1 |    4415 |    3174 |  41.8 |      17 |       9 |  34.6
     Lair:2 |    5936 |    1048 |  15.0 |      27 |       2 |   6.9
     Lair:3 |    3813 |       0 |   0.0 |      13 |       0 |   0.0
     Lair:4 |    8933 |     853 |   8.7 |      34 |       5 |  12.8
     Lair:5 |    1824 |    1545 |  45.9 |       4 |       4 |  50.0
    Ossuary |       0 |     780 | 100.0 |       0 |      15 | 100.0
            +---------+---------+-------+---------+---------+-------
